 Dungeon Sprint DCSS version 0.16.1-28-gcc2312f (webtiles) character file.

851 Kidiri the Thaumaturge (level 7, -3/36 HPs)
             Began as a Deep Elf Summoner on May 29, 2015.
             Was a High Priest of Sif Muna.
             Shot with an arrow by a centaur warrior (23 damage)
             ... in the Dungeon (Sprint I: "Red Sonja").
             The game lasted 00:08:50 (1227 turns).

Kidiri the Thaumaturge (Deep Elf Summoner)          Turns: 1227, Time: 00:08:50

Health: -3/36      AC:  2    Str:  5    XL:     7   Next: 69%
Magic:  28/28      EV: 13    Int: 22    God:    Sif Muna [*****.]
Gold:   400        SH:  0    Dex: 15    Spells: 6 memorised, 9 levels left

rFire  . . .     SeeInvis .     j - +0 dagger
rCold  . . .     Clarity  .     a - +0 robe
rNeg   . . .     SustAb   .     (no shield)
rPois  .         Gourm    .     (no helmet)
rElec  .         Spirit   .     (no cloak)
rCorr  .         Warding  .     (no gloves)
rMut   .         NoTele   +     (no boots)
MR     .....                    (no amulet)
Stlth  ++........               (no ring)
                                (no ring)

@: not resistant to hostile enchantments, unstealthy
A: no striking features
a: Channel Energy, Forget Spell, Renounce Religion


You were in the Dungeon.
You worshipped Sif Muna.
Sif Muna was extremely pleased with you.
You were not hungry.

You visited 1 branch You collected 533 gold pieces.
You spent 133 gold pieces at shops.

Inventory:

Hand weapons
 j - a +0 dagger (weapon)
Armour
 a - a +0 robe (worn)
Scrolls
 c - a scroll of remove curse {unknown}
 i - 4 scrolls of identify
Potions
 d - a potion of curing
 e - 2 potions of poison {unknown}
 f - a potion of haste
 g - a potion of magic
 h - a potion of berserk rage
Books
 b - a book of Callings

   Spells                             Type                      Level
   a - Summon Small Mammal            Summoning                    1
   b - Call Imp                       Summoning                    2
   c - Call Canine Familiar           Summoning                    3
   d - Summon Guardian Golem          Hexes/Summoning              4
   e - Summon Lightning Spire         Summoning/Air                4
   f - Summon Ice Beast               Ice/Summoning                4


   Skills:
 - Level 2.4 Dodging
 - Level 2.4 Stealth
 + Level 10.6 Spellcasting
 * Level 9.6 Hexes
 + Level 9.7 Summonings
 * Level 8.0 Ice Magic
 * Level 7.3 Air Magic


You had 9 spell levels left.
You knew the following spells:

 Your Spells              Type           Power        Failure   Level  Hunger
a - Summon Small Mammal   Summ           ####         1%          1    None
b - Call Imp              Summ           ######..     1%          2    None
c - Call Canine Familiar  Summ           ######..     1%          3    None
d - Summon Guardian Gole  Hex/Summ       ######..     1%          4    #......
e - Summon Ice Beast      Ice/Summ       ######..     1%          4    #......
f - Summon Lightning Spi  Summ/Air       #####...     1%          4    #......


Dungeon Overview and Level Annotations

Branches:
Dungeon (1/1)

Altars:
Elyvilon
Gozag
Kikubaaqudgha
Makhleb
Nemelex Xobeh
Okawaru
Qazlal
Ru
Sif Muna
Trog
Vehumet
Xom
Yredelemnul
Zin
The Shining One

Shops:
D ?([


Message History

You swap places.
You swap places.
The centaur warrior shoots an arrow.
The arrow barely misses you.
There is an open door here.
You see here an arrow.
You swap places.
What do you say? t - Shout!
Orders for allies: a - Attack new target. p - Attack previous target. r - Retreat! s - Stop attacking. w - Wait here. f - Follow me.
Anything else - Stay silent.
Gang up on whom?
Press: ? - help, Dir - move target cursor, f/p - centaur warrior
Aim: a centaur warrior, wielding a shortbow (severely wounded) Attack!
Your shadow imp disappears in a puff of smoke!
The centaur warrior shoots an arrow.
The arrow hits you!!
Ouch! That really hurt!
You die...

.#..'..#..+,,+,,*,,,**+*,****,,,,
###'#####'#__*###,,,+,,*,*,***,,,
##..#...#.####§%*****,,+,*+*,***+
_####..##.#≈§§§§#,,**+****,,,*,*,
..__##'#..+§8c§§+,,*,,,,,*,,,***,
.∩...'..._#§§§§§#,,*,,,,,+,,,,,**
..._##_(#'##§###**+***,,,*,,,,,*,
____###'#.#[§§(###,+,*,,,***++**,
#######.####'###@##*,*,,***,,***,
.÷...'...'..c(§(.∩#*,*,,****,,***
++####...##########*,**+*,,*,,*,*
,,,**##.##*,,,,,,,**,**,*,,,,,,,,
,,,,*,#+#,*,,,,,,,,+,****,,,,,,,,
,,,,*,,,,,*+++******,*,,+,,,,,,**
,,,,*,,,,,*,,,,,,,,*,*****,,,***,
,*,,*******,,,,,,,*+,*,,,*****,,,
,,,,**,,,,,,,,,,,≈****,,,,,,,,,**


You could see a centaur warrior.

Vanquished Creatures (collateral kills)
  A centaur warrior (D)
  A deep troll (D)
  2 ice beasts (D)
  A yak (D)
  An ogre (D)
  Sigmund (D)
  A jelly (D)
  Ijyb (D)
9 creatures vanquished.

Vanquished Creatures (others)
  2 guardian golems (D)
  Sonja (D)
  7 ice beasts (D)
  2 lightning spires (D)
  A white imp (D)
  A bat (D)
14 creatures vanquished.

Grand Total: 23 creatures vanquished

Notes
Turn   | Place    | Note
--------------------------------------------------------------
     0 | D        | Kidiri, the Deep Elf Summoner, began the quest for the Orb.
     0 | D        | Reached XP level 1. HP: 10/10 MP: 5/5
     6 | D        | Noticed Ijyb
    18 | D        | Killed Ijyb
    18 | D        | Reached skill level 5 in Summonings
    18 | D        | Reached XP level 2. HP: 15/15 MP: 2/10
    24 | D        | Learned a level 2 spell: Call Imp
   203 | D        | Noticed an ogre
   208 | D        | Killed an ogre
   208 | D        | Reached skill level 7 in Spellcasting
   208 | D        | Reached XP level 3. HP: 19/19 MP: 1/17
   213 | D        | Learned a level 3 spell: Call Canine Familiar
   319 | D        | Noticed Sigmund
   329 | D        | Killed Sigmund
   329 | D        | Reached skill level 8 in Spellcasting
   329 | D        | Reached XP level 4. HP: 24/24 MP: 9/21
   526 | D        | Learned a level 4 spell: Summon Guardian Golem
   531 | D        | Learned a level 4 spell: Summon Ice Beast
   536 | D        | Learned a level 4 spell: Summon Lightning Spire
   536 | D        | Found a deep blue altar of Sif Muna.
   537 | D        | Noticed a jelly
   538 | D        | Found a radiant altar of Vehumet.
   554 | D        | Killed a jelly
   554 | D        | Reached skill level 1 in Ice Magic
   554 | D        | Reached skill level 1 in Air Magic
   632 | D        | Became a worshipper of Sif Muna the Loreminder
   664 | D        | Found Ijok Lod's Antique Weapon Emporium.
   664 | D        | Found a white marble altar of Elyvilon.
   664 | D        | Found a stormy altar of Qazlal.
   664 | D        | Found a burning altar of Makhleb.
   664 | D        | Found a sacrificial altar of Ru.
   664 | D        | Found a basalt altar of Yredelemnul.
   664 | D        | Found a glowing golden altar of the Shining One.
   664 | D        | Found a sparkling altar of Nemelex Xobeh.
   664 | D        | Found a shimmering altar of Xom.
   664 | D        | Found an opulent altar of Gozag.
   664 | D        | Found an ancient bone altar of Kikubaaqudgha.
   664 | D        | Found a glowing silver altar of Zin.
   664 | D        | Noticed a yak
   672 | D        | Killed a yak
   672 | D        | Acquired Sif Muna's first power
   672 | D        | Reached skill level 9 in Spellcasting
   672 | D        | Reached XP level 5. HP: 24/28 MP: 15/23
   674 | D        | Found an iron altar of Okawaru.
   675 | D        | Found a bloodstained altar of Trog.
   721 | D        | Noticed Sonja
   794 | D        | Found Wekacet's Magic Scroll Boutique.
   803 | D        | Bought a scroll of identify for 28 gold pieces
   803 | D        | Bought a scroll of identify for 28 gold pieces
   803 | D        | Bought a scroll of magic mapping for 49 gold pieces
   803 | D        | Bought a scroll of identify for 28 gold pieces
   816 | D        | Killed Sonja
   816 | D        | Acquired Sif Muna's second power
   816 | D        | Reached skill level 5 in Hexes
   820 | D        | Noticed a deep troll
   843 | D        | Killed a deep troll
   843 | D        | Acquired Sif Muna's third power
   843 | D        | Reached skill level 10 in Spellcasting
   843 | D        | Reached XP level 6. HP: 5/32 MP: 16/26
  1151 | D        | Found Moeh's Armour Emporium.
  1168 | D        | Noticed a centaur warrior
  1168 | D        | Noticed a centaur warrior
  1178 | D        | Killed a centaur warrior
  1178 | D        | Reached XP level 7. HP: 36/36 MP: 8/28
  1227 | D        | Shot with an arrow by a centaur warrior

Action                   |  1- 3 |  4- 6 |  7- 9 || total
-------------------------+-------+-------+-------++-------
 Cast: Summon Small Mamm |     4 |       |       ||     4
       Call Imp          |    10 |       |     1 ||    11
       Call Canine Famil |     1 |       |       ||     1
       Summon Ice Beast  |       |    16 |     2 ||    18
       Summon Lightning  |       |     3 |       ||     3
       Summon Guardian G |       |     2 |     1 ||     3
  Use: Scroll            |       |     2 |       ||     2
       Potion            |       |     2 |     1 ||     3
  Eat: Bread ration      |       |     1 |       ||     1
